 Dungeon Crawl Stone Soup version 0.27.1-37-g7b29ead8ac (webtiles) character file.

Game seed: 3866530159121556358

196 AarnesTheHuman the Chucker (level 5, 0/53 HPs)
             Began as a Troll Hunter on Dec 9, 2023.
             Slain by Pikel (8 damage)
             ... on level 4 of the Dungeon.
             The game lasted 00:05:00 (2550 turns).

AarnesTheHuman the Chucker (Troll Hunter)           Turns: 2550, Time: 00:05:01

Health: 0/53       AC:  4    Str: 21    XL:     5   Next: 46%
Magic:  4/4        EV:  9    Int:  7    God:
Gold:   49         SH:  0    Dex: 10    Spells: 4/4 levels left

rFire    . . .     SeeInvis .   (no weapon)
rCold    . . .     Faith    .   (no shield)
rNeg     . . .     Spirit   .   j - +0 robe
rPois    .         Reflect  .   (helmet restricted)
rElec    .         Harm     .   (no cloak)
rCorr    .         Rampage  .   (gloves unavailable)
Will     .....                  (boots unavailable)
Stlth    +.........             (no amulet)
HPRegen  1.17/turn              (no ring)
MPRegen  0.09/turn              (no ring)

@: no status effects
A: large, unfitting armour, claws 3, regeneration 1, shaggy fur 1, tough skin 1
a: no special abilities


You were on level 4 of the Dungeon.
You visited 1 branch of the dungeon, and saw 4 of its levels.

You collected 49 gold pieces.

Inventory:

Hand Weapons
 b - a +2 dagger of venom
 g - a +0 short sword of electrocution
 l - a +0 short sword
 n - a +0 hunting sling of electrocution
 p - a +0 short sword of speed
Missiles
 d - 2 throwing nets (quivered)
 m - 43 stones
Armour
 j - a +0 robe (worn)
Wands
 h - a wand of iceblast (9)
Scrolls
 e - 2 scrolls of identify
Potions
 a - 2 potions of resistance
 o - a potion of might {unknown}


   Skills:
 + Level 3.1 Fighting
 + Level 4.7 Throwing
 - Level 2.0 Armour
 - Level 1.5 Dodging
 - Level 0.3 Stealth


You had 4 spell levels left.
You didn't know any spells.
Your spell library contained the following spells:

 Spells                   Type           Power      Damage    Failure   Level
 Corpse Rot               Necr/Air       N/A        N/A       56%         2
 Dispel Undead            Necr           0%         3d6       99%         4
 Death Channel            Necr           0%         N/A       100%        6


Dungeon Overview and Level Annotations

Branches:
Dungeon (4/15)
 Temple: D:4-7

Altars:

Annotations:
D:4 Blork the orc, Pikel


Innate Abilities, Weirdness & Mutations

You are too large for most types of armour.
You have claws for hands.
Your natural rate of healing is unusually fast.
You are covered in fur. (AC +1)
You have tough skin. (AC +1)


Message History

Blork the orc is almost dead.
Pikel drinks a potion.
Pikel flickers and vanishes!
Deactivating autopickup; reactivate with Ctrl-A.
Throw: 4 large rocks
Press: ? - help, Q - select action, (/) - cycle Shift-Dir - straight line, f/p - Blork the orc
Aim: Blork the orc, wielding a +0 glaive and wearing a +0 robe (almost dead, 63% to hit)
You throw a large rock. The large rock hits Blork the orc.
Blork the orc is almost dead.
Blork the orc screams, "I'll break your arms!"
Blork the orc drinks a potion.
Blork the orc is healed!
Throw: 3 large rocks
Press: ? - help, Q - select action, (/) - cycle Shift-Dir - straight line, f/p - Blork the orc
Aim: Blork the orc, wielding a +0 glaive and wearing a +0 robe (heavily wounded, 63% to hit)
You throw a large rock.
The large rock barely misses Blork the orc.
You hear a shout!
A goblin comes into view. It is wielding a +0 club.
Throw: 2 large rocks
Press: ? - help, Q - select action, (/) - cycle Shift-Dir - straight line, f/p - Blork the orc
Aim: Blork the orc, wielding a +0 glaive and wearing a +0 robe (heavily wounded, 63% to hit)
You throw a large rock.
The large rock hits Blork the orc but does no damage.
Blork the orc is heavily wounded.
Blork the orc points at you and mumbles some strange words.
The puff of flame hits you!
A lemure comes into view.
Throw: large rock
Press: ? - help, Q - select action, (/) - cycle Shift-Dir - straight line, f/p - Blork the orc
Aim: Blork the orc, wielding a +0 glaive and wearing a +0 robe (heavily wounded, 63% to hit)
You throw a large rock.
The large rock barely misses Blork the orc.
You hear a shout!
Something hits you! Something freezes you.
A lemure comes into view.
Blork the orc hits you from afar with a +0 glaive!
Something hits you. Something freezes you.
Blork the orc hits you from afar with a +0 glaive!
* * * LOW HITPOINT WARNING * * *
Something hits you!
You die...

...K...........
..........(..
.5..........
#5....(....
#..........
#5†.g..#
#..o...#
#......#
+@.....#
#......#
#......#
#......#
#......#
#......#
#......#
#......#


You could see Blork the orc, 3 lemures and a goblin.

Vanquished Creatures
  A lemure (D:3)
  A phantom (D:3)
  5 adders
  A worm (D:3)
  A dart slug (D:2)
  7 orcs (D:3)
  3 bats
  5 endoplasms
  3 giant cockroaches
  6 goblins
  4 hobgoblins
  5 jackals
  2 quokkas
  4 ball pythons
  3 frilled lizards
  7 kobolds
  7 rats
65 creatures vanquished.

Notes
Turn   | Place    | Note
-------+----------+-------------------------------------------
     0 | D:1      | AarnesTheHuman the Troll Hunter began the quest for the
                  | Orb.
     0 | D:1      | Reached XP level 1. HP: 19/19 MP: 0/0
   150 | D:1      | Reached XP level 2. HP: 28/28 MP: 1/1
   349 | D:1      | Found a faded altar of an unknown god.
   670 | D:2      | Reached skill level 1 in Armour
   730 | D:2      | Reached skill level 4 in Throwing
   731 | D:2      | Reached XP level 3. HP: 33/35 MP: 2/2
  1458 | D:3      | Reached XP level 4. HP: 42/44 MP: 3/3
  2449 | D:4      | Noticed a phantom
  2452 | D:4      | Noticed a lemure
  2474 | D:3      | Killed a phantom
  2475 | D:3      | Reached XP level 5. HP: 20/53 MP: 4/4
  2522 | D:3      | Killed a lemure
  2542 | D:4      | Noticed Pikel
  2542 | D:4      | Noticed Blork the orc
  2548 | D:4      | Noticed a lemure
  2549 | D:4      | Noticed a lemure
  2550 | D:4      | Noticed a lemure
  2550 | D:4      | Slain by Pikel

Illustrated notes

Levels and vault maps discovered:
D:1:      heliophobic_arrival_glass_houses, layout_basic,
          shapermc_ecumenical_altar_ellora, minmay_misc_feat_rows
D:2:      layout_loops_ring, amcnicky_mini_pool_small
D:3:      layout_rooms, serial_co_window_serial, co_window_paths_a,
          co_window_corner_a, co_window_paths_b, co_window_paths_b,
          co_window_paths_b, co_window_cross_1, co_window_paths_a,
          co_window_of_opportunity_b, co_window_corner_b, co_window_cross_3,
          co_window_broadway_c, co_window_unsneaky_path_a, co_window_sun,
          minmay_statues_item, minmay_stone_trees_small
D:4:      layout_gridville, minivault_1, uniq_pikel, uniq_blork_the_orc

Skill      XL: |  1  2  3  4 |
---------------+-------------+-----
Fighting       | 2 3 |  3.1
Armour         | 1 2 |  2.0
Throwing       | 4 |  4.7
Dodging        | |  1.5
Stealth        | |  0.3

Action                   |  1- 3 |  4- 6 || total
-------------------------+-------+-------++-------
Melee: Unarmed           |   117 |   100 ||   217
Throw: Large rock        |       |     6 ||     6
  Use: Scroll            |       |     5 ||     5
 Stab: Sleeping          |     2 |       ||     2
Armor: Robe              |    33 |    18 ||    51
Dodge: Dodged            |    41 |    56 ||    97
